 Dungeon Crawl Stone Soup version 0.31-a0-988-g08d55dae12 (webtiles) character file.

Game seed: 12634593703209925443

63209 Armadingus the Brawler (level 15, -26/99 HPs)
             Began as a Tengu Berserker on Nov 5, 2023.
             Was a High Priest of Trog.
             Killed from afar by a merfolk aquamancer (36 damage)
             ... with a torrent of water
             ... on level 4 of the Shoals.
             The game lasted 03:01:17 (14865 turns).

Armadingus the Brawler (Tengu Berserker)           Turns: 14865, Time: 03:01:18

Health: -26/99     AC: 23    Str: 26    XL:     15   Next: 8%
Magic:  16/16      EV: 16    Int:  5    God:    Trog [*****.]
Gold:   1436       SH:  0    Dex: 13    Spells: 14/14 levels left

rFire   + .          .
                       - Unarmed
rCold   + + .        (no shield)
rNeg    . . .        C - +3 plate armour {rC+}
rPois   +            (helmet restricted)
rElec   .            H - +0 cloak of Vecrog {Regen+}
rCorr   .            c - +2 pair of gloves {Str+3}
SInv    .            (boots unavailable)
Will    +++..        v - necklace of Bloodlust {Fury *Rage Will++ Int-3 Slay+6} Stlth
                     s - ring of Henwev {rPois rF+ rC+}
HPRegen 1.16/turn    (no ring)
MPRegen 0.15/turn

%: random rage (50%), acrobat
@: on berserk cooldown, flying, hasted and slowed
A: beak, talons 3, evasive flight, acrobatic, iridescent scales 1, poison
resistance, weak 1
a: Renounce Religion, Berserk, Trog's Hand, Brothers in Arms


You were on level 4 of the Shoals.
You worshipped Trog.
Trog was extremely pleased with you.
You visited 3 branches of the dungeon, and saw 15 of its levels.
You also visited: Sewer and Ice Cave.

You collected 1436 gold pieces.

Inventory:

Hand Weapons
 z - a +5 hand axe
Missiles
 b - 67 stones
 g - 7 throwing nets
 q - a poisoned dart
 J - 3 javelins (quivered)
 K - 2 boomerangs
Armour
 c - a +2 pair of gloves of strength (worn)
 i - a +1 cloak of stealth
 m - a +2 robe of resistance
 C - a +3 plate armour of cold resistance (worn)
 H - the +0 cloak of Vecrog (worn) {Regen+}
   (You found it on level 8 of the Dungeon)

   Regen+:    It increases your rate of health regeneration.
Jewellery
 s - the ring of Henwev (left hand) {rPois rF+ rC+}
   (You took it off a white draconian in an ice cave)

   [ring of protection from cold]

   rF+:       It protects you from fire.
   rC+:       It protects you from cold.
   rPois:     It protects you from poison
 v - the necklace of Bloodlust (around neck) {Fury *Rage Will++ Int-3 Slay+6}
   (You found it on level 3 of the Shoals)

   [amulet of nothing]

   Fury:      It extends the wearer's berserk rage when killing foes.
   Int-3:     It affects your intelligence (-3).
   Slay+6:    It affects your accuracy & damage with ranged weapons and melee
   (+6).
   Will++:    It greatly increases your willpower.
   *Rage:     It berserks you when you make melee attacks (+50% chance).
 y - an amulet of guardian spirit
 E - a ring of wizardry
 I - a ring of poison resistance
Wands
 l - a wand of polymorph (13)
 x - a wand of paralysis (10)
 B - a wand of flame (8)
Scrolls
 h - 3 scrolls of noise
 j - a scroll of amnesia
 k - a scroll of blinking
 n - 3 scrolls of revelation
 o - a scroll of poison
 p - 3 scrolls of vulnerability
 r - 4 scrolls of teleportation
 u - 2 scrolls of enchant weapon
 w - a scroll of fog
 L - a scroll of immolation
Potions
 a - 3 potions of lignification
 d - a potion of might
 f - a potion of cancellation
 t - 5 potions of enlightenment
 A - a potion of heal wounds
 D - 2 potions of haste
 F - 3 potions of invisibility
 G - a potion of attraction


   Skills:
 + Level 13.6 Fighting
 + Level 8.3 Armour
 - Level 12.4 Dodging
 * Level 20.1 Unarmed Combat


You had 14 spell levels left.
You didn't know any spells.
Your spell library was empty.

Dungeon Overview and Level Annotations

Branches:
Dungeon (8/15)             Temple (0/1) D:4            Lair (3/5) D:8
 Shoals (4/4) Lair:3        Snake (0/4) Lair:3        Sewer (visited)
  IceCv (visited)

Altars:
Cheibriados
Gozag
Hepliaklqana
Nemelex Xobeh
Ru
Uskayaw

Shops:
Shoals:4 (

Annotations:
Shoals:3 Roxanne


Innate Abilities, Weirdness & Mutations

You have a beak for a mouth.
You have claws for feet.
Your magical flight helps you evade attacks. (EV +4)
You can magically evade attacks while moving or waiting.
You are partially covered in iridescent scales. (AC +2)
Your system is resistant to poisons. (rPois)
You are weak. (Str -2)


Message History

You claw the snapping turtle! You peck the snapping turtle!
The snapping turtle is heavily wounded.
You feel sick.
A nearby plant withers and dies.
The merfolk throws a boomerang.
The boomerang hits you but does no damage.
The merfolk throws a boomerang.
The boomerang hits you.
* * * LOW HITPOINT WARNING * * *
You are too berserk!
You completely miss the snapping turtle.
Your kick misses the snapping turtle.
You peck the snapping turtle, but do no damage.
The snapping turtle is heavily wounded.
You feel sick. The snapping turtle closely misses you.
The merfolk throws a boomerang.
The boomerang barely misses you.
You pummel the snapping turtle!!
You claw the snapping turtle, but do no damage.
The snapping turtle is severely wounded.
The merfolk javelineer throws a javelin.
The javelin pierces through you.
* * * LOW HITPOINT WARNING * * *
The merfolk throws a boomerang.
The boomerang completely misses you.
The merfolk throws a boomerang.
The boomerang hits you!
* * * LOW HITPOINT WARNING * * *
You pummel the snapping turtle!!
You kill the snapping turtle!
Trog accepts your kill.
You feel sick. The merfolk misses you.
Found 24 gold pieces.
Your surroundings suddenly seem different.
A merfolk aquamancer comes into view. It is wielding a +0 rapier.
Found a potion of attraction.
Found Daonkuog's Weapon Boutique.
You feel sick.
The merfolk aquamancer shouts!
You feel a strong urge to attack something.
You feel sick.
You feel your anger nearly subside.
You are no longer berserk.
You are exhausted.
You feel yourself slow down.
You feel sick.
You feel better.
The merfolk aquamancer gestures at you while chanting.
The torrent of water hits you!!!
You die...

#############
#≈≈≈≈≈≈≈≈≈≈≈≈≈
#≈≈≈≈≈≈≈≈≈≈≈≈≈
#≈≈≈≈≈≈≈≈≈≈≈≈≈
#≈≈≈≈≈≈≈≈≈≈≈≈≈
#≈≈≈≈@≈≈≈≈≈~~~
#≈≈≈≈≈≈≈≈~~...
#≈≈≈≈≈≈≈~~....
#≈≈≈≈≈≈≈~~....
#≈≈≈≈≈≈≈~...∩.
#≈≈≈≈≈m~~.....
#≈≈≈≈≈≈~~.....
#≈≈≈≈≈≈~~.....
#≈≈≈≈≈≈~.!....


You could see a merfolk aquamancer.

Vanquished Creatures
  A draconian knight (IceCv)
  A very ugly thing (Shoals:2)
  A stone giant (Shoals:3)
  5 white draconians (IceCv)
  4 merfolk impalers
  A merfolk javelineer (Shoals:3)
  2 centaur warriors
  2 merfolk avatars
  A satyr (Shoals:2)
  10 death yaks
  A two-headed ogre (D:8)
  3 skysharks
  Amaemon (D:8)
  5 sea snakes
  An orange crystal statue (IceCv)
  11 harpies
  6 manticores
  7 ugly things (Shoals:2)
  A salamander (Lair:3)
  6 cyclopes
  3 merfolk sirens
  3 black mambas
  6 storm dragon simulacra (IceCv)
  A torpor snail (Lair:3)
  3 water nymphs
  2 rime drakes
  7 komodo dragons
  3 cane toads
  2 golden dragon simulacra (IceCv)
  8 merfolk
  A polar bear (Lair:1)
  A wind drake (Shoals:3)
  14 blink frogs
  8 dream sheep
  6 snapping turtles
  Sigmund (D:6)
  A wyvern (D:7)
  6 water elementals
  27 yaks
  2 basilisks (Lair:2)
  Menkaure (D:6)
  10 water moccasins
  Duvessa (D:4)
  6 ice dragon simulacra (IceCv)
  An ice beast (D:8)
  4 black bears
  A sky beast (D:7)
  2 centaurs
  3 wolves (Lair:2)
  An ogre (D:6)
  3 phantoms
  Blork the orc (D:6)
  A kobold brigand (D:8)
  9 bullfrogs
  A gnoll sergeant (D:7)
  2 scorpions
  5 wights (D:4)
  Dowan (D:4)
  3 killer bees (D:7)
  5 lindwurm simulacra (IceCv)
  2 hounds (D:4)
  7 orc priests
  A gnoll bouda (D:8)
  5 iguanas
  Jessica (D:3)
  5 orc wizards
  Terence (D:3)
  Robin (D:4)
  A mummy (D:3)
  13 gnolls
  9 adders
  4 river rats (Sewer)
  A shadow imp (D:6)
  A white imp (D:6)
  2 ufetubi (D:7)
  4 worms
  3 dart slugs
  15 orcs
  17 ball pythons
  8 endoplasms
  5 giant cockroaches
  14 goblins
  9 hobgoblins
  13 jackals
  11 kobolds
  10 quokkas
  17 bats
  5 frilled lizards
  7 rats
  A spectral goblin (D:6)
429 creatures vanquished.

Vanquished Creatures (collateral kills)
  An orange demon (D:8)
  3 merfolk (Shoals:3)
  2 ice dragon simulacra (IceCv)
  2 kobolds (D:8)
8 creatures vanquished.

Vanquished Creatures (others)
  A dream sheep (Shoals:4)
1 creature vanquished.

Grand Total: 438 creatures vanquished

Notes
Turn   | Place    | Note
-------+----------+-------------------------------------------
     0 | D:1      | Armadingus the Tengu Berserker began the quest for the Orb.
     0 | D:1      | Reached XP level 1. HP: 14/14 MP: 2/2
   191 | D:1      | Reached XP level 2. HP: 17/19 MP: 3/3
   588 | D:2      | Reached skill level 4 in Unarmed Combat
   588 | D:2      | Reached XP level 3. HP: 23/23 MP: 4/4
   736 | D:2      | Reached ** piety under Trog
  1044 | D:2      | Reached XP level 4. HP: 28/28 MP: 5/5
  1937 | D:3      | Noticed Jessica
  1941 | D:3      | Killed Jessica
  2030 | D:3      | HP: 1/29 [orc priest/divine providence (16)]
  2042 | D:3      | Noticed Terence
  2050 | D:3      | Reached skill level 5 in Unarmed Combat
  2050 | D:3      | Reached XP level 5. HP: 6/33 MP: 6/6
  2054 | D:3      | Killed Terence
  2198 | D:3      | Reached XP level 6. HP: 38/38 MP: 7/7
  2421 | D:3      | Found a glowing drain.
  2439 | Sewer    | Entered a sewer
  2542 | Sewer    | Reached *** piety under Trog
  2636 | Sewer    | Reached skill level 6 in Unarmed Combat
  2947 | D:3      | Found a snail-covered altar of Cheibriados.
  3317 | D:4      | Gained mutation: Your magical flight helps you evade
                  | attacks. (EV +4) [Tengu growth]
  3317 | D:4      | Reached XP level 7. HP: 41/44 MP: 8/8
  3418 | D:4      | Found a staircase to the Ecumenical Temple.
  3419 | D:4      | Noticed Duvessa
  3419 | D:4      | Noticed Dowan
  3435 | D:4      | Killed Duvessa
  3439 | D:4      | Killed Dowan
  3529 | D:4      | Found a sacrificial altar of Ru.
  3544 | D:4      | Reached **** piety under Trog
  3639 | D:4      | Noticed Robin
  3666 | D:4      | Killed Robin
  3774 | D:4      | Reached skill level 5 in Fighting
  3774 | D:4      | Reached skill level 7 in Unarmed Combat
  3846 | D:4      | Reached skill level 5 in Dodging
  3903 | D:4      | Reached XP level 8. HP: 49/49 MP: 9/9
  4178 | D:5      | Entered Level 5 of the Dungeon
  4245 | D:5      | Reached skill level 8 in Unarmed Combat
  4794 | D:5      | Found a hide-covered altar of Uskayaw.
  5096 | D:6      | Reached skill level 9 in Unarmed Combat
  5189 | D:6      | Noticed Sigmund
  5226 | D:6      | Killed Sigmund
  5227 | D:6      | Reached XP level 9. HP: 55/56 MP: 10/10
  5256 | D:6      | Found a hazy altar of Hepliaklqana.
  5349 | D:6      | Noticed Menkaure
  5355 | D:6      | Killed Menkaure
  5393 | D:6      | Identified the +2 ring mail of Sathriamp {rF+}
  5426 | D:6      | Reached skill level 10 in Unarmed Combat
  5429 | D:6      | Found a sparkling altar of Nemelex Xobeh.
  5430 | D:6      | Found an opulent altar of Gozag.
  5877 | D:6      | Noticed Blork the orc
  5886 | D:6      | Killed Blork the orc
  6133 | D:7      | Reached ***** piety under Trog
  6166 | D:7      | Reached skill level 11 in Unarmed Combat
  6543 | D:7      | Reached XP level 10. HP: 63/63 MP: 11/11
  6869 | D:8      | Identified the +0 cloak of Vecrog {Regen+}
  7011 | D:8      | Noticed Amaemon
  7011 | D:8      | Noticed an orange demon
  7201 | D:8      | Killed Amaemon
  7215 | D:8      | Killed an orange demon
  7216 | D:8      | Reached skill level 12 in Unarmed Combat
  7263 | D:8      | Noticed a two-headed ogre
  7314 | D:8      | Killed a two-headed ogre
  7419 | D:8      | Found a staircase to the Lair.
  7530 | Lair:1   | Entered Level 1 of the Lair of Beasts
  7562 | Lair:1   | Reached skill level 13 in Unarmed Combat
  7562 | Lair:1   | Reached XP level 11. HP: 69/69 MP: 10/12
  7754 | Lair:1   | Noticed a death yak
  7755 | Lair:1   | Noticed a death yak
  7789 | Lair:1   | Noticed a death yak
  7791 | Lair:1   | Noticed a death yak
  7886 | Lair:1   | Identified the staff "Qorale" {Drain rF+ Str+2 Earth}
  8072 | Lair:1   | Killed a death yak
  8073 | Lair:1   | Reached skill level 10 in Dodging
  8073 | Lair:1   | Reached skill level 14 in Unarmed Combat
  8160 | Lair:1   | Killed a death yak
  8304 | Lair:1   | Killed a death yak
  8350 | Lair:1   | Killed a death yak
  8702 | Lair:1   | You are sucked into a shaft and drop 1 floor!
  8730 | Lair:2   | Reached skill level 10 in Fighting
  8737 | Lair:2   | Reached XP level 12. HP: 77/77 MP: 8/13
  8805 | Lair:2   | Reached skill level 15 in Unarmed Combat
  9613 | Lair:2   | Gained mutation: Your flesh is cold resistant. (rC+)
                  | [potion of mutation]
  9613 | Lair:2   | Gained mutation: Your muscles are strong. (Str +4, Int/Dex
                  | -1) [potion of mutation]
  9614 | Lair:2   | Lost mutation: Your muscles are strong. (Str +4, Int/Dex
                  | -1) [potion of mutation]
  9614 | Lair:2   | Lost mutation: Your flesh is cold resistant. (rC+) [potion
                  | of mutation]
  9614 | Lair:2   | Gained mutation: You are weak. (Str -2) [potion of
                  | mutation]
  9614 | Lair:2   | Gained mutation: You are partially covered in iridescent
                  | scales. (AC +2) [potion of mutation]
  9614 | Lair:2   | Gained mutation: Your system is resistant to poisons.
                  | (rPois) [potion of mutation]
  9621 | Lair:2   | Identified a scroll of acquirement
  9621 | Lair:2   | Acquired a +2 pair of gloves of strength
  9886 | Lair:3   | Reached skill level 16 in Unarmed Combat
  9979 | Lair:3   | Noticed a skyshark
  9990 | Lair:3   | Killed a skyshark
 10016 | Lair:3   | Noticed a death yak
 10016 | Lair:3   | Noticed a death yak
 10016 | Lair:3   | Noticed a death yak
 10027 | Lair:3   | Killed a death yak
 10028 | Lair:3   | Noticed a death yak
 10028 | Lair:3   | Noticed a death yak
 10028 | Lair:3   | Noticed a death yak
 10042 | Lair:3   | Killed a death yak
 10042 | Lair:3   | Received a gift from Trog
 10045 | Lair:3   | Killed a death yak
 10053 | Lair:3   | Killed a death yak
 10060 | Lair:3   | Killed a death yak
 10061 | Lair:3   | Reached XP level 13. HP: 79/84 MP: 9/14
 10168 | Lair:3   | Reached skill level 17 in Unarmed Combat
 10253 | Lair:3   | Found a staircase to the Shoals.
 10717 | Lair:3   | Found a staircase to the Snake Pit.
 10774 | Lair:5   | Identified the "Haphex"
 10774 | Shoals:1 | Entered Level 1 of the Shoals
 11499 | IceCv    | Identified the "Xemeesir"
 11761 | Shoals:2 | Noticed a white very ugly thing
 11771 | Shoals:2 | Killed a white very ugly thing
 11775 | Shoals:2 | Reached skill level 18 in Unarmed Combat
 11776 | Shoals:2 | Found a frozen archway.
 11829 | IceCv    | Entered an ice cave
 11836 | IceCv    | Reached skill level 5 in Armour
 11910 | IceCv    | Noticed a white draconian
 11935 | IceCv    | Killed a white draconian
 12002 | IceCv    | Reached XP level 14. HP: 41/92 MP: 7/15
 12042 | IceCv    | Noticed a white draconian
 12042 | IceCv    | Noticed a white draconian
 12060 | IceCv    | Killed a white draconian
 12085 | IceCv    | Killed a white draconian
 12260 | IceCv    | Noticed a white draconian knight
 12260 | IceCv    | Noticed a white draconian
 12275 | IceCv    | Killed a white draconian knight
 12275 | IceCv    | Noticed a white draconian
 12276 | IceCv    | Identified the ring of Henwev {rPois rF+ rC+}
 12374 | IceCv    | Killed a white draconian
 12386 | IceCv    | Killed a white draconian
 13001 | Shoals:2 | Reached skill level 19 in Unarmed Combat
 14264 | Shoals:3 | Noticed a stone giant
 14285 | Shoals:3 | Killed a stone giant
 14289 | Shoals:3 | Received a gift from Trog
 14532 | Shoals:3 | Found the necklace of Bloodlust {Fury *Rage Will++ Int-3
                  | Slay+6}
 14547 | Shoals:3 | Reached XP level 15. HP: 99/99 MP: 13/16
 14616 | Shoals:3 | Reached skill level 20 in Unarmed Combat
 14748 | Shoals:3 | Noticed Roxanne
 14844 | Shoals:4 | Identified the of Fofac
 14844 | Shoals:4 | Entered Level 4 of the Shoals
 14859 | Shoals:4 | HP: 6/148 [merfolk/boomerang[a merfolk javelineer] (9)]
 14861 | Shoals:4 | Found Daonkuog's Weapon Boutique.
 14864 | Shoals:4 | HP: 3/99 [poisoned by a merfolk]
 14865 | Shoals:4 | Killed from afar by a merfolk aquamancer

Illustrated notes

Levels and vault maps discovered:
D:1:      dpeg_arrival_rhombus, layout_basic, minmay_liquid_box
D:2:      layout_basic
D:3:      layout_loops_ring, slow_altar_1, portal_sewer_entry_f, uniq_jessica,
          uniq_terence
D:4:      nicolae_cairo_tiling, layout_cave_pools,
          nicolae_ru_great_annihilating_truth, minmay_temple_entry_poolview,
          uniq_robin, uniq_duvessa
D:5:      layout_layer_cave, marbit_many_paths
D:6:      layout_loops_ring, grunt_temple_overflow_opulence,
          nicolae_hepliaklqana_monster_ancestors, hangedman_decor_peaks_small,
          grunt_ministairs_5, hangedman_decor_clover_reticule, uniq_sigmund,
          uniq_blork_the_orc, uniq_menkaure
D:7:      layout_loops_ring
D:8:      layout_rooms, david_lair_shrubbed, uniq_amaemon
Lair:1:   layout_cellular_growth, nicolae_lair_grazing_beasts
          [nicolae_sub_lair_graze_edge, nicolae_sub_lair_graze_edge,
          nicolae_sub_lair_graze_edge, nicolae_sub_lair_graze_edge],
          grunt_megastairs_3
Lair:2:   layout_gridlike, grunt_megastairs_5
Lair:3:   layout_regular_city, nicolae_shoals_entry_roost,
          alex1729_snake_entry_snake
Shoals:1: layout_shoals, nicolae_shoals_cliffside_cave
Shoals:2: layout_shoals, portal_ice_cave_entry_ugly_swarm
Shoals:3: layout_shoals, hangedman_shoals_cup_caves, uniq_roxanne
Shoals:4: shoals_end_hangedman, layout_shoals, shoals_ilsuiw_alternative,
          serial_shops, shop, uniq_louise

Skill      XL: |  1  2  3  4  5  6  7  8  9 10 11 12 13 14 15 |
---------------+----------------------------------------------+-----
Unarmed Combat | 4 5 6 7 9 11 13 14 16 18 19 20 | 20.1
Dodging        | 3 4 5 6 7 9 10 12 | 12.4
Fighting       | 4 5 6 7 8 10 11 12 13 | 13.6
Armour         | 5 8 |  8.3

Action                     |  1- 3 |  4- 6 |  7- 9 | 10-12 | 13-15 || total
---------------------------+-------+-------+-------+-------+-------++-------
  Melee: Unarmed           |    64 |   181 |   246 |   419 |   514 ||  1424
         Kick              |    14 |    44 |    65 |   142 |   196 ||   461
         Peck              |     6 |    18 |    42 |   101 |   127 ||   294
         Punch             |     2 |     2 |    15 |    41 |    58 ||   118
  Throw: Stone             |     5 |     2 |    24 |     8 |    13 ||    52
         Dart              |       |       |     4 |     6 |     5 ||    15
         Throwing net      |       |       |       |       |     1 ||     1
         Boomerang         |       |       |       |       |     1 ||     1
 Invoke: Berserk           |       |     3 |     5 |     6 |     5 ||    19
         Trog's Hand       |       |     1 |       |       |     2 ||     3
         Brothers in Arms  |       |       |       |       |     2 ||     2
  Evoke: Wand              |       |       |       |       |     2 ||     2
    Use: Scroll            |     4 |     6 |     4 |     4 |     7 ||    25
         Potion            |       |     1 |       |    13 |     9 ||    23
   Stab: Sleeping          |     1 |     3 |     6 |       |       ||    10
         Paralysed         |       |       |     4 |       |       ||     4
         Distracted        |       |       |     2 |       |     1 ||     3
         Held in net/web   |       |       |       |       |     1 ||     1
 Armour: Animal skin       |     4 |       |       |       |       ||     4
         Leather armour    |    13 |     9 |       |       |       ||    22
         Robe              |       |    56 |    61 |   145 |   156 ||   418
         Plate armour      |       |       |       |       |   189 ||   189
  Dodge: Dodged            |    34 |   135 |   169 |   301 |   432 ||  1071

Table legend: (Time is in decaauts)
 A = Elapsed time spent in this place.
 B = Non-inter-level travel time spent in this place.
 C = Inter-level travel time spent in this place.
 D = Time resting spent in this place.
 E = Time spent auto-exploring this place.
 F = Levels seen in this place.
 G = Mean time per level.
                   A        B        C        D        E       F      G
               +--------+--------+--------+--------+--------+-----+--------+
         Total |  14796 |  14459 |    337 |    393 |   7037 |  17 |  870.4 |
       Dungeon |   7048 |   6803 |    245 |     60 |   3073 |   8 |  881.0 |
          Lair |   3136 |   3090 |     46 |    178 |   1805 |   3 | 1045.3 |
        Shoals |   3146 |   3101 |     45 |     78 |   2017 |   4 |  786.5 |
         Sewer |    625 |    625 |      0 |      0 |      0 |   1 |  625.0 |
      Ice Cave |    840 |    840 |      0 |     76 |    141 |   1 |  840.0 |
               +--------+--------+--------+--------+--------+-----+--------+

Top non-repeatable levels by time:
     D:2: 1298 daAuts
Shoals:3: 1268 daAuts
Shoals:2: 1153 daAuts
  Lair:1: 1145 daAuts
  Lair:3: 1050 daAuts
     D:6: 1011 daAuts
  Lair:2: 940 daAuts
     D:4: 940 daAuts
     D:5: 893 daAuts
     D:3: 890 daAuts
   IceCv: 840 daAuts
     D:7: 812 daAuts
Shoals:1: 712 daAuts
   Sewer: 625 daAuts
     D:8: 618 daAuts
